 Dungeon Crawl Stone Soup version 0.31-a0-702-gf82c85558f (webtiles) character file.

Game seed: 6271274346285350434

170 Conn the Sneak (level 5, -5/37 HPs)
             Began as an Octopode Delver on Sept 8, 2023.
             Slain by an ice beast (12 damage)
             ... on level 5 of the Dungeon.
             The game lasted 00:03:59 (382 turns).

Conn the Sneak (Octopode Delver)                     Turns: 382, Time: 00:03:59

Health: -5/37      AC:  1    Str: 12    XL:     5   Next: 51%
Magic:  5/5        EV: 14    Int: 20    God:
Gold:   11         SH:  0    Dex: 13    Spells: 4/4 levels left

rFire   . . .        a - +0 short sword (freeze)
rCold   . . .        (no shield)
rNeg    . . .        (helmet restricted)
rPois   .            (no amulet)
rElec   .            j - +6 ring of intelligence
rCorr   .            (no ring)
SInv    .            (no ring)
Will    .....        (no ring)
Stlth   ++++++       (no ring)
HPRegen 0.26/turn    (no ring)
MPRegen 0.09/turn    (no ring)
                     (no ring)

%: no passive effects
@: no status effects
A: almost no armour, amphibious, 8 rings, camouflage 1, gelatinous body 1,
nimble swimmer 1, tentacles
a: no special abilities


You were on level 5 of the Dungeon.
You visited 1 branch of the dungeon, and saw 1 of its levels.

You collected 11 gold pieces.

Inventory:

Hand Weapons
 a - a +0 short sword of freezing (weapon)
Jewellery
 j - a +6 ring of intelligence (left tentacle)
Wands
 f - a wand of digging (3)
Scrolls
 b - a scroll of fog
 c - a scroll of revelation
 i - a scroll of blinking


   Skills:
 + Level 3.9 Fighting
 + Level 3.2 Short Blades
 + Level 3.2 Dodging
 + Level 7.6 Stealth


You had 4 spell levels left.
You didn't know any spells.
Your spell library was empty.

Dungeon Overview and Level Annotations

Branches:
Dungeon (5/15)
 Temple: D:4-7

Altars:

Shops:
D:5 ?[(*[


Innate Abilities, Weirdness & Mutations

You cannot wear most types of armour.
You are amphibious.
You can wear up to eight rings at the same time.
Your skin changes colour to match your surroundings (Stealth+).
Your rubbery body absorbs attacks. (AC +1, EV +1)
You are camouflaged when in or above water. (Stealth+)
You have tentacles for arms and can constrict up to eight enemies at once.


Message History

Your library has no spells.
Unknown command.
Unknown command.
As you read the scroll of fear, it crumbles to dust.
You assume a fearsome visage.
The scorpion looks frightened!
The gnoll looks frightened! x3; The ice beast looks frightened!
The howler monkey looks frightened!
Unknown command.
You kill the gnoll!
The gnoll begs for mercy.
Cornered, the gnoll turns to fight!
Cornered, the gnoll turns to fight!
You enter the deep water.
You enter the deep water.
Found a +0 flail.
You see here a curare-tipped dart.
e - a curare-tipped dart The ice beast hits you.
The ice beast freezes you!
Throw: dart (curare)
Press: ? - help, Q - select action Shift-Dir - straight line, f - ice beast
Aim: an ice beast (54% to hit)
You throw a curare-tipped dart.
The curare-tipped dart hits the ice beast.
The ice beast misses you.
Unknown command.
As you read the scroll labelled RYRRUIFE MELIY, it crumbles to dust.
It is a scroll of brand weapon.
Your +0 short sword is covered with a thin layer of ice!
a - a +0 short sword of freezing (weapon)
The ice beast hits you. The ice beast freezes you!
* * * LOW HITPOINT WARNING * * *
Okay, then.
You aren't carrying any potions.
As you read the scroll labelled OTHRAB SOUNIS, it crumbles to dust.
It is a scroll of identify.
i - a scroll of blinking The ice beast hits you.
* * * LOW HITPOINT WARNING * * *
The ice beast freezes you!
You die...

.#.....#..................#
###...#..≈≈≈≈≈≈≈≈≈≈≈.##..#
##..##...........≈.# ..#
#.. #.≈≈≈≈≈≈≈≈≈.≈.# .#
#.≈...gg..≈.≈.# .#
#.≈.≈≈≈≈≈.≈.≈.#
##.≈.≈...≈.≈.≈.##
.....≈.≈.≈∩≈.≈.≈....
.....≈.≈.≈@≈.≈.≈.#..
..###.≈.≈..Y..≈.≈.# . .
#.≈.≈≈≈≈≈≈≈.≈.#
...≈....(.).$≈.#
....≈≈≈≈≈≈≈≈≈≈≈.#
....$....(......#
#....#..####.### ##....) #.


You could see an ice beast and 2 gnolls.

Vanquished Creatures
  An ogre (D:5)
  A phantom (D:5)
  2 gnolls (D:5)
4 creatures vanquished.

Notes
Turn   | Place    | Note
-------+----------+-------------------------------------------
     0 | D:5      | Conn the Octopode Delver began the quest for the Orb.
     0 | D:5      | Reached XP level 1. HP: 16/16 MP: 1/1
     3 | D:5      | Noticed a scorpion
    18 | D:5      | Noticed an ogre
    22 | D:5      | Found Gextumm's Magic Scroll Boutique.
    30 | D:5      | Found Cits's Weapon Shoppe.
    40 | D:5      | Found Noddeuck's Assorted Antiques.
    45 | D:5      | Noticed a phantom
    50 | D:5      | Found Delystro's Antique Armour Shoppe.
    86 | D:5      | Killed an ogre
    87 | D:5      | Reached skill level 7 in Stealth
    87 | D:5      | Reached XP level 2. HP: 20/21 MP: 2/2
    87 | D:5      | Reached XP level 3. HP: 25/26 MP: 3/3
    87 | D:5      | Reached XP level 4. HP: 30/31 MP: 4/4
   132 | D:5      | HP: 1/31 [phantom (6)]
   136 | D:5      | Killed a phantom
   137 | D:5      | Reached XP level 5. HP: 2/37 MP: 5/5
   322 | D:5      | Noticed a phantom
   347 | D:5      | Found Ustus's Antique Armour Emporium.
   355 | D:5      | Noticed an ice beast
   382 | D:5      | Slain by an ice beast

Illustrated notes

Levels and vault maps discovered:
D:5:      layout_layer_cave, kennysheep_mini_moat, serial_shops,
          nicolae_shop_trees, shop, shop, shop, nicolae_diamond_shop,
          nicolae_inconvenience_store, uniq_menkaure

Skill      XL: |  1  2  3  4 |
---------------+-------------+-----
Stealth        | 7 |  7.6
Short Blades   | 3 |  3.2
Dodging        | 3 |  3.2
Fighting       | |  3.9

Action                     |  1- 3 |  4- 6 || total
---------------------------+-------+-------++-------
  Melee: Short sword       |       |    28 ||    28
         Tentacles         |       |     7 ||     7
         Punch             |       |     1 ||     1
  Throw: Dart              |     2 |     6 ||     8
    Use: Potion            |     2 |     1 ||     3
         Scroll            |       |     3 ||     3
 Armour: Skin              |     1 |    13 ||    14
  Dodge: Dodged            |     3 |    16 ||    19

Table legend: (Time is in decaauts)
 A = Elapsed time spent in this place.
 B = Non-inter-level travel time spent in this place.
 C = Inter-level travel time spent in this place.
 D = Time resting spent in this place.
 E = Time spent auto-exploring this place.
 F = Levels seen in this place.
 G = Mean time per level.
                   A        B        C        D        E       F      G
               +--------+--------+--------+--------+--------+-----+--------+
         Total |    359 |    359 |      0 |      0 |    139 |   1 |  359.0 |
       Dungeon |    359 |    359 |      0 |      0 |    139 |   1 |  359.0 |
               +--------+--------+--------+--------+--------+-----+--------+

Top non-repeatable levels by time:
     D:5: 359 daAuts
